 Dungeon Crawl Stone Soup version 0.29.1-14-g9c671dbff4 (webtiles) character file.

Game seed: 3475996427187076590

54 Descartes the Ducker (level 3, -1/17 HPs)
             Began as a Felid Monk on Feb 19, 2023.
             Slain by an orc wizard
             ... wielding a +0 dagger
              (3 damage)
             ... on level 3 of the Dungeon on Feb 20, 2023.
             The game lasted 00:04:53 (2832 turns).

Descartes the Ducker (Felid Monk)                   Turns: 2832, Time: 00:04:53

Health: -1/17      AC:  1    Str: 13    XL:     3   Next: 66%
Magic:  4/4        EV: 19    Int: 16    God:
Gold:   75         SH:  0    Dex: 17    Spells: 2/2 levels left
                                        Lives:  0   Deaths: 1

rFire   . . .      SeeInvis +     - Unarmed
rCold   . . .      Faith    .   (shield unavailable)
rNeg    + . .      Spirit   .   (body armour unavailable)
rPois   .          Reflect  .   (helmet unavailable)
rElec   .          Harm     .   (cloak unavailable)
rCorr   .          Rampage  .   (gloves unavailable)
Will    .....                   (boots unavailable)
Stlth   +++.......              (no amulet)
HPRegen 0.05/turn               i - +6 ring of intelligence
MPRegen 0.09/turn               b - ring of positive energy

@: quick
A: very small, claws 1, fangs 3, see invisible, speed 1, shaggy fur 1, stealthy
paws, no weapons or thrown items, no armour, multi-lived, strong 1
a: no special abilities


You were on level 3 of the Dungeon.
You visited 1 branch of the dungeon, and saw 3 of its levels.

You collected 75 gold pieces.

Inventory:

Jewellery
 b - a ring of positive energy (right paw)
 i - a +6 ring of intelligence (left paw)
 m - a +6 ring of dexterity
Scrolls
 d - a scroll of enchant armour {unknown}
 f - a scroll of magic mapping
 g - a scroll of blinking {unknown}
 j - a scroll of noise {unknown}
 k - a scroll of enchant weapon {unknown}
Potions
 c - 3 potions of brilliance
 e - a potion of invisibility {unknown}
 h - a potion of mutation
 l - a potion of cancellation {unknown}


   Skills:
 + Level 3.3 Fighting
 * Level 4.7 Dodging
 * Level 3.7 Stealth
 * Level 3.4 Unarmed Combat
 + Level 1.7 Translocations
 + Level 1.5 Transmutations
 + Level 1.2 Evocations


You had 2 spell levels left.
You didn't know any spells.
Your spell library was empty.

Dungeon Overview and Level Annotations

Branches:
Dungeon (3/15)

Altars:
Ru

Annotations:
D:2 Natasha, Sigmund


Innate Abilities, Weirdness & Mutations

You have sharp claws.
You have razor-sharp teeth.
You have supernaturally acute eyesight. (SInv)
You cover ground quickly. (Speed+)
You are covered in fur. (AC +1)
Your paws help you pounce on unaware monsters.
You are incapable of wielding weapons or throwing items.
You cannot wear armour.
You gain extra lives every three experience levels.
Your muscles are strong. (Str +4, Int/Dex -1)


Message History

The orc hits you with a +0 flail!
* * * LOW HITPOINT WARNING * * *
You are too injured to fight recklessly!
You are too injured to fight recklessly!
You are too injured to fight recklessly!
You are too injured to fight recklessly!
You are too injured to fight recklessly!
You are too injured to fight recklessly!
You are too injured to fight recklessly!
You are too injured to fight recklessly!
You are too injured to fight recklessly!
You are too injured to fight recklessly!
Unknown command.
Found a sacrificial altar of Ru.
There is a stone staircase leading up here.
The orc closely misses you.
You climb upwards.
Level annotation: Natasha, Sigmund The hobgoblin shouts!
You hear a shout!
The goblin shouts!
Found a kite shield, a buckler and a scroll labelled GAEZOT YMMUCEA.
There is a stone staircase leading down here.
You scratch the bat.
You kill the bat!
A hobgoblin comes into view.
The orc misses you. The hobgoblin closely misses you.
You climb downwards.
The orc completely misses you.
There is a stone staircase leading up here.
There is an open door here.
Found a scroll labelled GAEZOT YMMUCEA.
You barely miss the orc wizard.
The orc wizard shouts!
The orc wizard casts a spell at you. The puff of flame misses you.
You barely miss the orc wizard. You closely miss the orc wizard.
The orc wizard hits you with a +0 dagger.
* * * LOW HITPOINT WARNING * * *
Unknown command.
The orc wizard hits you with a +0 dagger.
You die...

.......#............#
##.o.####...........#
.......#............#
.......#............#
######..............#
.#####...o..........#
$....#............##
.###.#....og....o.#
.#...........o..@.#
##.#.#.##########.#
#.#...# .# #.########
.# ##........## .#
######.....######.#
######.###........#
...#...#$#.........
#..#.###.###.....##


You could see an orc wizard, 3 orcs and a hobgoblin.

Vanquished Creatures
  Natasha (twice) (D:2)
  An adder (D:3)
  2 dart slugs
  2 orcs (D:3)
  4 ball pythons
  4 bats
  5 endoplasms
  3 giant cockroaches
  2 hobgoblins (D:1)
  4 jackals
  2 kobolds
  2 quokkas
  2 frilled lizards (D:1)
  A goblin (D:2)
  3 rats (D:2)
39 creatures vanquished.

Notes
Turn   | Place    | Note
-------+----------+-------------------------------------------
     0 | D:1      | Descartes the Felid Monk began the quest for the Orb.
     0 | D:1      | Reached XP level 1. HP: 10/10 MP: 2/2
   261 | D:1      | Reached XP level 2. HP: 3/14 MP: 3/3
   765 | D:1      | Reached skill level 1 in Translocations
  1046 | D:1      | Found a faded altar of an unknown god.
  1280 | D:2      | Noticed Sigmund
  1555 | D:2      | Reached skill level 1 in Transmutations
  1596 | D:2      | Reached XP level 3. HP: 17/17 MP: 4/4
  1731 | D:2      | Noticed Natasha
  1753 | D:2      | Killed Natasha
  1754 | D:2      | Reached skill level 1 in Evocations
  1861 | D:2      | Noticed Natasha
  1867 | D:2      | Killed Natasha
  1868 | D:2      | Reached XP level 4. HP: 10/21 MP: 5/5
  2207 | D:2      | Noticed Natasha
  2215 | D:2      | HP: 1/21 [Natasha/magic dart (9)]
  2596 | D:2      | You fall into a shaft and drop 1 floor!
  2729 | D:3      | HP: 1/21 [orc priest/+0 club (7)]
  2732 | D:3      | Gained mutation: Your muscles are strong. (Str +4, Int/Dex
                  | -1) [potion of mutation]
  2732 | D:3      | Killed from afar by an orc priest
  2733 | D:3      | Reached XP level 3. HP: 0/17 MP: 4/4
  2800 | D:3      | Found a sacrificial altar of Ru.
  2832 | D:3      | Slain by an orc wizard

Illustrated notes

Levels and vault maps discovered:
D:1:      roderic_lyre, layout_basic,
          dreamdust_ecumenical_altar_hidden_monk_grotto
D:2:      layout_loops_cross, uniq_natasha, uniq_sigmund,
          uniq_crazy_yiuf_cottage
D:3:      layout_basic, overflow_temple_1_default, hangedman_ru_absence,
          minmay_quantized

Skill      XL: |  1  2  3 |
---------------+----------+-----
Stealth        | 3 |  3.7
Translocations | 1 |  1.7
Transmutations | 1 |  1.5
Evocations     | 1 |  1.2
Fighting       | |  3.3
Dodging        | |  4.7
Unarmed Combat | |  3.4

Action                   |  1- 3 |  4- 6 || total
-------------------------+-------+-------++-------
Melee: Unarmed           |    89 |    39 ||   128
       Bite              |     6 |     6 ||    12
       Punch             |       |     1 ||     1
  Use: Scroll            |     1 |       ||     1
       Potion            |       |     3 ||     3
 Stab: Sleeping          |    12 |     1 ||    13
       Distracted        |       |     1 ||     1
Armor: Skin              |     2 |       ||     2
Dodge: Dodged            |    72 |    50 ||   122
